 Dungeon Crawl Stone Soup version 0.19.1-1-g22dce08 (webtiles) character file.

79 esteth the Insei (level 4, 0/36 HPs)
             Began as a Demonspawn Monk on Jan 7, 2017.
             Slain by Crazy Yiuf
             ... wielding a +4 quarterstaff of chaos
              (6 damage)
             ... on level 2 of the Dungeon.
             The game lasted 00:05:23 (2302 turns).

esteth the Insei (Demonspawn Monk)                  Turns: 2302, Time: 00:05:23

Health: 0/36       AC:  6    Str: 12    XL:     4   Next: 17%
Magic:  4/4        EV: 13    Int: 12    God:
Gold:   66         SH:  0    Dex: 15    Spells: 0 memorised, 3 levels left

rFire  . . .     SeeInvis .       - Unarmed
rCold  . . .     Gourm    .     a - +0 robe
rNeg   . . .     Faith    .     (no shield)
rPois  .         Spirit   .     n - +2 helmet
rElec  .         Reflect  .     (no cloak)
rCorr  .         Harm     .     (no gloves)
MR     .....                    (no boots)
Stlth  ++........               d - amulet of rage
                                (no ring)
                                c - ring of wizardry

@: no status effects
A: talons 1, rugged brown scales 1
a: Evoke Berserk Rage


You were on level 2 of the Dungeon.
You were near starving.

You visited 1 branch of the dungeon, and saw 2 of its levels.

You collected 66 gold pieces.

Inventory:

Armour
 a - a +0 robe (worn)
 n - a +2 helmet (worn)
Jewellery
 c - a ring of wizardry (left hand)
 d - an amulet of rage (around neck)
Wands
 e - a wand of digging (8/24)
Scrolls
 k - 2 scrolls of remove curse
Potions
 i - a potion of might {unknown}
 l - a potion of lignification {unknown}
 m - a potion of mutation {unknown}
Comestibles
 b - a bread ration {@e1}
 g - a royal jelly
 h - 2 meat rations {@e2}


   Skills:
 - Level 3.0 Fighting
 - Level 2.6 Dodging
 - Level 1.7 Stealth
 + Level 4.5 Unarmed Combat


You had 3 spell levels left.
You didn't know any spells.

Dungeon Overview and Level Annotations

Branches:
Dungeon (2/15)

Altars:
Dithmenos

Annotations:
D:2 Crazy Yiuf


Innate Abilities, Weirdness & Mutations

You have sharp toenails.
You are partially covered in rugged brown scales. (AC +1, +3% HP)


Message History

Crazy Yiuf is lightly wounded.
Crazy Yiuf barely misses you.
You hit Crazy Yiuf but do no damage.
Crazy Yiuf is lightly wounded.
Crazy Yiuf hits you with a quarterstaff of chaos!
You hit Crazy Yiuf but do no damage. You claw Crazy Yiuf, but do no damage.
Crazy Yiuf is lightly wounded.
Crazy Yiuf hits you with a quarterstaff of chaos!
Crazy Yiuf burns you.
* * * LOW HITPOINT WARNING * * *
You hit Crazy Yiuf.
Crazy Yiuf is moderately wounded.
Crazy Yiuf cries, "Action Hive head!"
Crazy Yiuf hits you with a quarterstaff of chaos.
* * * LOW HITPOINT WARNING * * *
Crazy Yiuf draws strength from your wounds!
You hit Crazy Yiuf but do no damage. You claw Crazy Yiuf, but do no damage.
Crazy Yiuf is lightly wounded.
Crazy Yiuf hits you with a quarterstaff of chaos.
You die...

.(..## #.....#....## #......#
#.######.........## ##......#
.(..............## #..#.####
...####...####### ######
...#####..# ..........#
######## ...####...# ####
###.#....## ...# #...#
#...##..#......## ...#####..#
#..g@.####......# .....###..#
#)..### ##.....# ###......##
#### ####..# ###...#### #.##
#...#..# #.#
#.####.############# #.####
...................# #....#
).####..####..<....##########.#
.## ##...##...............>..#


You could see Crazy Yiuf.

Vanquished Creatures
  Robin (D:2)
  2 adders (D:2)
  A dart slug (D:2)
  A giant cockroach (D:1)
  14 goblins
  6 hobgoblins
  7 kobolds
  A quokka (D:2)
  5 bats
  4 frilled lizards
  2 rats (D:1)
44 creatures vanquished.

Notes
Turn   | Place    | Note
-------+----------+-------------------------------------------
     0 | D:1      | esteth the Demonspawn Monk began the quest for the Orb.
     0 | D:1      | Reached XP level 1. HP: 18/18 MP: 1/1
   233 | D:1      | Reached skill level 3 in Unarmed Combat
   458 | D:1      | Gained mutation: You have sharp toenails. [demonic ancestry]
   458 | D:1      | Reached XP level 2. HP: 24/24 MP: 2/2
   889 | D:2      | Gained mutation: You are partially covered in rugged brown scales. (AC +1, +3% HP) [demonic ancestry]
   889 | D:2      | Reached XP level 3. HP: 16/29 MP: 3/3
  1104 | D:2      | Reached skill level 4 in Unarmed Combat
  1246 | D:2      | Found a shadowy altar of Dithmenos.
  1599 | D:2      | Found a runed door.
  1650 | D:2      | Noticed Robin
  1720 | D:2      | HP: 1/29 [hobgoblin/club[Robin] (5)]
  1741 | D:2      | Killed Robin
  1741 | D:2      | Reached XP level 4. HP: 4/36 MP: 4/4
  2294 | D:2      | Noticed Crazy Yiuf
  2302 | D:2      | Slain by Crazy Yiuf

Skill      XL: |  1  2  3 |
---------------+----------+-----
Unarmed Combat | 3 4 |  4.5
Fighting       | |  3.0
Dodging        | |  2.6
Stealth        | |  1.7

Action                   |  1- 3 |  4- 6 || total
-------------------------+-------+-------++-------
Melee: Unarmed           |   162 |    16 ||   178
       Kick              |    29 |     6 ||    35
       Punch             |     3 |       ||     3
  Use: Potion            |     3 |       ||     3
       Scroll            |       |     3 ||     3
 Stab: Sleeping          |     2 |       ||     2
       Invisible         |     1 |       ||     1
  Eat: Chunk             |     1 |     2 ||     3
Armor: Robe              |    44 |     2 ||    46
Dodge: Dodged            |   102 |    10 ||   112
